 Dungeon Crawl Stone Soup version 0.27-a0-1595-g0b823d0a13 (webtiles) character file.

Game seed: 10348348503835291783

880 ezpacito the Agent of Entropy (level 7, 0/48 HPs)
             Began as a Demonspawn Abyssal Knight on July 20, 2021.
             Was a Priest of Lugonu.
             Slain by an ogre (15 damage)
             ... on level 6 of the Dungeon.
             The game lasted 00:11:37 (6240 turns).

ezpacito the Agent of Entropy (DsAK)                Turns: 6240, Time: 00:11:37

Health: 0/48       AC:  9    Str: 18    XL:     7   Next: 75%
Magic:  10/10      EV: 10    Int: 12    God:    Lugonu [***...]
Gold:   310        SH:  4    Dex: 18    Spells: 3/10 levels left

rFire    . . .     SeeInvis .   a - +2 hand axe
rCold    . . .     Faith    .   k - +0 buckler
rNeg     + + +     Spirit   .   s - +0 scale mail
rPois    .         Reflect  .   (helmet restricted)
rElec    .         Harm     .   (no cloak)
rCorr    .         Rampage  +   (no gloves)
Will     .....                  d - +0 pair of boots "Naam" {Rampage rN+++ Int-4 Dex+4}
Stlth    +.........             (no amulet)
HPRegen  0.16/turn              n - +6 ring of strength
MPRegen  0.12/turn              (no ring)

@: hasted, very quick
A: antennae 2, thin metallic scales 1, demonic guardian 3, camouflage 1, clever
1, frail 1
a: Renounce Religion, Depart the Abyss, Bend Space, Banish


You were on level 6 of the Dungeon.
You worshipped Lugonu.
Lugonu was most pleased with you.
You visited 1 branch of the dungeon, and saw 5 of its levels.
You visited the Abyss 1 time.
You also visited: Ossuary.

You collected 310 gold pieces.

Inventory:

Hand Weapons
 a - a +2 hand axe (weapon)
 g - a +0 scythe
Missiles
 e - 134 stones (quivered)
Armour
 d - the +0 pair of boots "Naam" (worn) {Rampage rN+++ Int-4 Dex+4}
   (You found it on level 5 of the Dungeon)

   Int:       It affects your intelligence (-4).
   Dex:       It affects your dexterity (+4).
   rN:        It renders you almost immune to negative energy.
   Rampage:   It bestows one free step when moving towards enemies.
 j - a +0 chain mail
 k - a +0 buckler (worn)
 l - a +0 pair of boots
 s - a +0 scale mail (worn)
Jewellery
 n - a +6 ring of strength (left hand)
 r - an amulet of reflection
Wands
 c - a wand of flame (10)
 p - a wand of acid (9)
 t - a wand of paralysis (7)
Scrolls
 m - 2 scrolls of enchant weapon
 o - a scroll of teleportation
 q - 2 scrolls of blinking
 y - 2 scrolls of enchant armour
Potions
 b - a potion of lignification
 h - 2 potions of attraction
 i - a potion of magic
 v - a potion of haste


   Skills:
 + Level 4.1 Fighting
 * Level 4.1 Axes
 - Level 0.3 Throwing
 + Level 3.0 Armour
 + Level 2.5 Dodging
 + Level 1.5 Shields
 + Level 2.4 Spellcasting
 + Level 2.4 Necromancy
 + Level 1.2 Earth Magic
 + Level 4.3 Invocations
 + Level 1.6 Evocations


You had 3 spell levels left.
You knew the following spells:

 Your Spells              Type           Power      Damage    Failure   Level
a - Pain                  Necr           28%        1d5       38%         1
b - Sandblast             Erth           8%         2d5       56%         1
c - Lee's Rapid Deconstr  Erth           2%         3d5*      100%        5

Your spell library contained the following spells:

 Spells                   Type           Power      Damage    Failure   Level
 Passwall                 Tmut/Erth      1%         N/A       80%         2
 Agony                    Necr           7%         N/A       100%        5
 Excruciating Wounds      Necr           3%         N/A       100%        5


Dungeon Overview and Level Annotations

Branches:
Dungeon (6/15)            Ossuary (visited)
 Temple: D:4-7

Altars:


Innate Abilities, Weirdness & Mutations

You have a pair of antennae on your head.
You are partially covered in thin metallic scales. (AC +2)
A powerful demonic guardian rushes to your aid.
Your skin changes colour to match your surroundings (Stealth+).
Your mind is acute. (Int +2)
You are frail. (-10% HP)


Message History

The centaur zombie barely misses you. The ogre hits you with a +0 giant club!
You block the quokka zombie's attack.
The quokka zombie bites you but does no damage.
The centaur zombie hits you but does no damage.
The centaur zombie kicks you but does no damage.
The ogre closely misses you.
The quokka zombie completely misses you.
You hit the centaur zombie but do no damage.
The centaur zombie hits you but does no damage.
The centaur zombie kicks you but does no damage.
You hit the ogre.
The ogre is lightly wounded.
You hit the ogre.
The ogre is lightly wounded.
The ogre hits you with a +0 giant club!
You closely miss the ogre.
The ogre is lightly wounded.
The ogre closely misses you.
You hit the ogre.
The ogre is lightly wounded.
The ogre hits you with a +0 giant club!
You completely miss the ogre.
The ogre is lightly wounded.
The ogre closely misses you.
It was a potion of mutation.
You feel extremely strange.
You lose the ability to read scrolls when threatened.
You feel yourself wasting away.
Your skin functions as natural camouflage.
The ogre barely misses you.
Really quaff the potion of mutation?
You feel extremely strange.
You feel healthier.
You can once more read scrolls while threatened.
You feel clever.
You feel frail.
The antennae on your head grow some more.
You feel better. The ogre misses you.
Drop what? 22/52 slots (_ for help) (? for menu, Esc to quit)
You drop 2 potions of degeneration.
The ogre hits you with a +0 giant club!
You feel yourself speed up. The ogre hits you with a +0 giant club!
You die...

#.[.........###.#
#.#.###.#.### #.# ##.
#.###.#.# #.#
...#.#.....#.# #.#
#........#.#.# #.# .
#.######.#.#.... ...
#O #.#....#[#.##.# ..
#..####.###Z.#......#
.........@OZ.#....#.#
.....##.###..#.#..#
........#.{..#.#..#
.....##.######....#
...............#......
..................###.
......#.#..#.#.##.#
........#..#.#.# .#
.#.....##....#.# #


You could see an ogre, a quokka zombie and a centaur zombie.

Vanquished Creatures
  Sigmund (D:2)
  An ogre (D:5)
  An elf zombie (Ossuary)
  2 scorpions (D:5)
  3 hounds (D:5)
  A jelly (D:6)
  An orc wizard (D:3)
  Terence (D:2)
  3 mummies (Ossuary)
  A howler monkey skeleton (D:6)
  4 adders
  2 adder zombies (Ossuary)
  An adder skeleton (D:5)
  2 worms
  4 dart slugs
  5 orcs
  5 ball pythons
  5 endoplasms
  4 giant cockroaches
  16 goblins
  5 hobgoblins
  4 jackals (D:2)
  5 quokkas
  5 bats
  3 frilled lizards
  A gnoll zombie (Ossuary)
  A hobgoblin zombie (Ossuary)
  A jackal zombie (Ossuary)
  5 kobolds
  2 rats
95 creatures vanquished.

Vanquished Creatures (collateral kills)
  A centaur (D:5)
  A phantom (D:5)
  2 human zombies (Ossuary)
  A hound zombie (Ossuary)
  A hound skeleton (D:5)
  A mummy (Ossuary)
  Robin (D:2)
  An adder zombie (Ossuary)
  2 goblins (D:2)
  2 hobgoblins (D:2)
  A frilled lizard (D:2)
  2 orc zombies (Ossuary)
16 creatures vanquished.

Vanquished Creatures (others)
  4 plants (D:1)
4 creatures vanquished.

Grand Total: 115 creatures vanquished

Notes
Turn   | Place    | Note
-------+----------+-------------------------------------------
     0 | Abyss:1  | ezpacito the Demonspawn Abyssal Knight began the quest for
                  | the Orb.
     0 | Abyss:1  | Reached XP level 1. HP: 18/18 MP: 2/2
    44 | Abyss:1  | Noticed a small abomination
   129 | Abyss:3  | Noticed a hellwing
   137 | Abyss:5  | Entered Level 5 of the Abyss
   224 | Abyss:5  | Noticed a large abomination
   231 | Abyss:5  | Noticed a bone dragon
   232 | D:1      | Escaped the Abyss
   525 | D:1      | Reached skill level 1 in Dodging
   597 | D:1      | Gained mutation: A weak demonic guardian rushes to your
                  | aid. [demonic ancestry]
   597 | D:1      | Reached XP level 2. HP: 21/24 MP: 3/3
   669 | D:1      | Reached * piety under Lugonu
  1215 | D:1      | Gained mutation: A demonic guardian rushes to your aid.
                  | [demonic ancestry]
  1215 | D:1      | Reached XP level 3. HP: 29/29 MP: 3/5
  1570 | D:2      | Noticed Sigmund
  1574 | D:2      | Learned a level 1 spell: Pain
  1587 | D:2      | Killed Sigmund
  1588 | D:2      | Reached skill level 1 in Spellcasting
  1588 | D:2      | Reached skill level 1 in Necromancy
  1588 | D:2      | Gained mutation: You are partially covered in thin metallic
                  | scales. (AC +2) [demonic ancestry]
  1588 | D:2      | Reached XP level 4. HP: 14/35 MP: 4/6
  1903 | D:2      | Noticed Robin
  1906 | D:2      | Reached ** piety under Lugonu
  1909 | D:2      | Reached XP level 5. HP: 39/41 MP: 7/7
  1914 | D:2      | Killed Robin
  2221 | D:2      | Noticed Terence
  2245 | D:2      | Killed Terence
  3479 | D:3      | Reached *** piety under Lugonu
  3722 | D:3      | Gained mutation: You have a pair of small antennae on your
                  | head. [demonic ancestry]
  3722 | D:3      | Reached XP level 6. HP: 39/47 MP: 8/8
  3910 | D:3      | You fall into a shaft and drop 2 floors!
  3910 | D:5      | Entered Level 5 of the Dungeon
  4114 | D:5      | Learned a level 1 spell: Sandblast
  4120 | D:5      | Learned a level 5 spell: Lee's Rapid Deconstruction
  4295 | D:5      | Reached skill level 1 in Shields
  4301 | D:5      | Reached skill level 1 in Evocations
  4700 | D:5      | Gained mutation: A powerful demonic guardian rushes to your
                  | aid. [demonic ancestry]
  4700 | D:5      | Reached XP level 7. HP: 45/53 MP: 10/10
  4700 | D:5      | Identified the +0 pair of boots "Naam" {Rampage rN+++ Int-4
                  | Dex+4}
  5718 | D:6      | Found a sand-covered staircase.
  5725 | Ossuary  | Entered an ossuary
  5748 | Ossuary  | Reached skill level 1 in Earth Magic
  6236 | D:6      | Gained mutation: You sometimes lose the ability to read
                  | scrolls when taking damage. [potion of mutation]
  6236 | D:6      | Gained mutation: Your body sometimes deteriorates upon
                  | taking damage. [potion of mutation]
  6236 | D:6      | Gained mutation: Your skin changes colour to match your
                  | surroundings (Stealth+). [potion of mutation]
  6237 | D:6      | Lost mutation: Your body sometimes deteriorates upon taking
                  | damage. [potion of mutation]
  6237 | D:6      | Lost mutation: You sometimes lose the ability to read
                  | scrolls when taking damage. [potion of mutation]
  6237 | D:6      | Gained mutation: Your mind is acute. (Int +2) [potion of
                  | mutation]
  6237 | D:6      | Gained mutation: You are frail. (-10% HP) [potion of
                  | mutation]
  6237 | D:6      | Gained mutation: You have a pair of antennae on your head.
                  | [potion of mutation]
  6240 | D:6      | Slain by an ogre

Illustrated notes

Levels and vault maps discovered:
D:1:      onia_arrival_mini_spirals, layout_loops_ring, serial_bayou,
          serial_bayou_ford_a, serial_bayou_pond_d, serial_bayou_pond_e,
          serial_bayou_pond_c, serial_bayou_crossing, serial_bayou_lake_a,
          minmay_misc_feat_nine_boxes, chequers_jeans, st_stairs_9
D:2:      layout_basic, amcnicky_mini_rare_corridor_liquid, grunt_ministairs_9,
          minmay_tree_intersection, uniq_terence, uniq_robin, uniq_sigmund
D:3:      layout_basic
D:5:      layout_basic
D:6:      layout_basic, enter_ossuary_4, uniq_duvessa, uniq_crazy_yiuf_cottage

Skill      XL: |  1  2  3  4  5  6  7 |
---------------+----------------------+-----
Dodging        | 1 2 |  2.5
Axes           | 2 3 4 |  4.1
Armour         | 2 3 |  3.0
Spellcasting   | 1 2 |  2.4
Necromancy     | 1 2 |  2.4
Invocations    | 3 4 |  4.3
Shields        | 1 |  1.5
Evocations     | 1 |  1.6
Fighting       | 4 |  4.1
Earth Magic    | 1 |  1.2
Throwing       | |  0.3

Action                   |  1- 3 |  4- 6 |  7- 9 || total
-------------------------+-------+-------+-------++-------
Melee: Hand axe          |    74 |   184 |    88 ||   346
Throw: Stone             |     1 |       |       ||     1
 Cast: Pain              |     2 |     2 |       ||     4
Invok: Depart the Abyss  |     1 |       |       ||     1
  Use: Scroll            |     4 |     6 |     4 ||    14
       Potion            |     2 |     3 |     5 ||    10
Armor: Leather armour    |    11 |       |       ||    11
       Ring mail         |    15 |    93 |       ||   108
       Scale mail        |       |    17 |    43 ||    60
Dodge: Dodged            |    47 |   101 |    54 ||   202
Block: Buckler           |       |    29 |    22 ||    51

Table legend: (Time is in decaauts)
 A = Elapsed time spent in this place.
 B = Non-inter-level travel time spent in this place.
 C = Inter-level travel time spent in this place.
 D = Time resting spent in this place.
 E = Time spent auto-exploring this place.
 F = Levels seen in this place.
 G = Mean time per level.
                   A        B        C        D        E       F      G
               +--------+--------+--------+--------+--------+-----+--------+
         Total |   6344 |   6185 |    159 |    937 |   4082 |  11 |  576.7 |
       Dungeon |   5607 |   5448 |    159 |    761 |   3865 |   5 | 1121.4 |
         Abyss |    231 |    231 |      0 |      0 |      0 |   5 |   46.2 |
       Ossuary |    506 |    506 |      0 |    176 |    217 |   1 |  506.0 |
               +--------+--------+--------+--------+--------+-----+--------+

Top non-repeatable levels by time:
     D:5: 1737 daAuts
     D:2: 1626 daAuts
     D:1: 1387 daAuts
     D:3: 746 daAuts
 Ossuary: 506 daAuts
     D:6: 109 daAuts
 Abyss:5: 94 daAuts
 Abyss:1: 69 daAuts
 Abyss:2: 46 daAuts
 Abyss:3: 13 daAuts
 Abyss:4: 6 daAuts
